Selects Airborne Battlegroup
Selects Heavy Machine Gun Paradrop
Heavy Machine Gun Paradrop
Heavy Machine Gun Paradrop
Construct Weapon Support Center
Mechanized Support Center
Heavy Machine Gun Paradrop
Selects Paratrooper Squad Paradrop
M3 Armored Personnel Carrier
M3 Armored Personnel Carrier
Paratrooper Squad Paradrop
Selects Anti-tank Gun Team Paradrop
Heavy Machine Gun Paradrop
Designate Forward Repair Station
M4(105) Sherman Bulldozer
Heavy Machine Gun Paradrop
Designate Forward Repair Station
Paratrooper Squad Paradrop
Selects Carpet Bombing Run